| TOP OF THE 1ST |
|
University of Conneticut Huskies batting - Pitching for University of Alabama Crimson Tide : RHP Kenyu Tanaka
|
|
Pitching: RHP Kenyu Tanaka
|
|
|
Batting: RHB Michael Youngberry
|
0-0: Ball 1-0: Ball 2-0: Ball 3-0: Called Strike 3-1: Base on Balls
|
|
Batting: LHB Nick Rooney
|
0-0: Ball 1-0: Ball 2-0: Grounds into double play, 6-4-3 (Groundball, 6, EV 102.5 MPH)
|
|
Batting: RHB Bill Stern
|
0-0: Foul Ball, location: 2F 0-1: Called Strike 0-2: Strikes out swinging
|
| Top of the 1st over - 0 runs, 0 hits, 0 errors, 0 left on base; University of Conneticut 0 - University of Alabama 0 |
| BOTTOM OF THE 1ST |
|
University of Alabama Crimson Tide batting - Pitching for University of Conneticut Huskies : LHP Bill Kovac
|
|
Pitching: LHP Bill Kovac
|
|
|
Batting: RHB António Scarlett
|
0-0: Ball 1-0: SINGLE (Groundball, 15S, EV 76.9 MPH) (infield hit)
|
|
Batting: RHB Er Le
|
0-0: Called Strike 0-1: Ball 1-1: Fly out, F7 (Line Drive, 7, EV 111.9 MPH)
|
|
Batting: RHB Peter Westover
|
0-0: Ball 1-0: Ball 2-0: Called Strike 2-1: Swinging Strike 2-2: Strikes out swinging
|
|
Batting: RHB Adam Turpin
|
0-0: Called Strike António Scarlett steals 2nd base 0-1: Fly out, F9 (Line Drive, 9, EV 88.1 MPH)
|
| Bottom of the 1st over - 0 runs, 1 hit, 0 errors, 1 left on base; University of Conneticut 0 - University of Alabama 0 |
| TOP OF THE 2ND |
|
University of Conneticut Huskies batting - Pitching for University of Alabama Crimson Tide : RHP Kenyu Tanaka
|
|
Batting: RHB Preston Hill
|
0-0: Ball 1-0: Ball 2-0: Foul Ball, location: 2F 2-1: Foul Ball, location: 2F 2-2: Strikes out swinging
|
|
Batting: RHB Hector Barajas
|
0-0: Called Strike 0-1: Ball 1-1: Swinging Strike 1-2: Ball 2-2: Foul Ball, location: 2F 2-2: Strikes out swinging
|
|
Batting: RHB Edwin Bejarano
|
0-0: Ball 1-0: Ball 2-0: Called Strike 2-1: Ball 3-1: Foul Ball, location: 2F 3-2: Strikes out swinging
|
| Top of the 2nd over - 0 runs, 0 hits, 0 errors, 0 left on base; University of Conneticut 0 - University of Alabama 0 |
| BOTTOM OF THE 2ND |
|
University of Alabama Crimson Tide batting - Pitching for University of Conneticut Huskies : LHP Bill Kovac
|
|
Batting: RHB Willie Torres
|
0-0: Called Strike 0-1: Fly out, F8 (Flyball, 8RM, EV 88.8 MPH)
|
|
Batting: RHB Aaron Bryant
|
0-0: DOUBLE (Flyball, 8RXD, EV 103.8 MPH)
|
|
Batting: RHB Shura Beschenko
|
0-0: Ground out 5-3 (Groundball, 56, EV 86.2 MPH)
|
|
Batting: RHB Mike Bergin
|
0-0: Ball 1-0: Ball 2-0: Fly out, F9 (Flyball, 9, EV 91.9 MPH)
|
| Bottom of the 2nd over - 0 runs, 1 hit, 0 errors, 1 left on base; University of Conneticut 0 - University of Alabama 0 |
| TOP OF THE 3RD |
|
University of Conneticut Huskies batting - Pitching for University of Alabama Crimson Tide : RHP Kenyu Tanaka
|
|
Batting: RHB Chris Bejarano
|
0-0: Called Strike 0-1: Ball 1-1: Foul Ball, location: 2F 1-2: Ground out 6-3 (Groundball, 6, EV 85.0 MPH)
|
|
Batting: RHB Mario Verduzco
|
0-0: Ball 1-0: SINGLE (Groundball, 34, EV 101.9 MPH)
|
|
Batting: RHB Hector Tabares
|
0-0: Ball 1-0: DOUBLE (Flyball, 3D, EV 87.5 MPH) Mario Verduzco to third
|
|
Batting: RHB Michael Youngberry
|
0-0: Called Strike 0-1: Fly out, F4 (Line Drive, 4, EV 66.2 MPH)
|
|
Batting: LHB Nick Rooney
|
0-0: Called Strike 0-1: Ball 1-1: Swinging Strike 1-2: Ball 2-2: Strikes out looking
|
| Top of the 3rd over - 0 runs, 2 hits, 0 errors, 2 left on base; University of Conneticut 0 - University of Alabama 0 |
| BOTTOM OF THE 3RD |
|
University of Alabama Crimson Tide batting - Pitching for University of Conneticut Huskies : LHP Bill Kovac
|
|
Batting: RHB Juan Alvarez
|
0-0: Ground out 4-3 (Groundball, 4, EV 100.6 MPH)
|
|
Batting: RHB António Scarlett
|
0-0: Foul Ball, location: 2F 0-1: Ball 1-1: Ball 2-1: Ball 3-1: SINGLE (Groundball, 56D, EV 108.8 MPH)
|
|
Batting: RHB Er Le
|
0-0: Ball 1-0: SINGLE (Flyball, 78S, EV 100.0 MPH) António Scarlett to second
|
|
Batting: RHB Peter Westover
|
0-0: Fielders Choice at 2nd, 5-4 (Groundball, 56, EV 106.2 MPH) António Scarlett to third
|
|
Batting: RHB Adam Turpin
|
0-0: Fly out, F9 (Flyball, 9LM, EV 93.8 MPH)
|
| Bottom of the 3rd over - 0 runs, 2 hits, 0 errors, 2 left on base; University of Conneticut 0 - University of Alabama 0 |
| TOP OF THE 4TH |
|
University of Conneticut Huskies batting - Pitching for University of Alabama Crimson Tide : RHP Kenyu Tanaka
|
|
Batting: RHB Bill Stern
|
0-0: Called Strike 0-1: Ball 1-1: Called Strike 1-2: Foul Ball, location: 2F 1-2: Strikes out swinging
|
|
Batting: RHB Preston Hill
|
0-0: Fly out, F8 (Flyball, 8LD, EV 92.5 MPH)
|
|
Batting: RHB Hector Barajas
|
0-0: Ball 1-0: Ball 2-0: Called Strike 2-1: Fly out, F9 (Flyball, 89XD, EV 103.1 MPH)
|
| Top of the 4th over - 0 runs, 0 hits, 0 errors, 0 left on base; University of Conneticut 0 - University of Alabama 0 |
| BOTTOM OF THE 4TH |
|
University of Alabama Crimson Tide batting - Pitching for University of Conneticut Huskies : LHP Bill Kovac
|
|
Batting: RHB Willie Torres
|
0-0: Called Strike 0-1: Swinging Strike 0-2: Fly out, F9 (Flyball, 9D, EV 103.8 MPH)
|
|
Batting: RHB Aaron Bryant
|
0-0: Called Strike 0-1: Swinging Strike 0-2: Ball 1-2: Fly out, F8 (Flyball, 8LS, EV 83.1 MPH)
|
|
Batting: RHB Shura Beschenko
|
0-0: Ball 1-0: Foul Ball, location: 2F 1-1: Ball 2-1: Foul Ball, location: 2F 2-2: Strikes out looking
|
| Bottom of the 4th over - 0 runs, 0 hits, 0 errors, 0 left on base; University of Conneticut 0 - University of Alabama 0 |
| TOP OF THE 5TH |
|
University of Conneticut Huskies batting - Pitching for University of Alabama Crimson Tide : RHP Kenyu Tanaka
|
|
Batting: RHB Edwin Bejarano
|
0-0: Swinging Strike 0-1: Ball 1-1: Swinging Strike 1-2: Fly out, F3 (Popup, 34, EV 65.6 MPH)
|
|
Batting: RHB Chris Bejarano
|
0-0: Foul Ball, location: 2F 0-1: Ball 1-1: Ball 2-1: Foul Ball, location: 2F 2-2: Foul Ball, location: 2F 2-2: Strikes out swinging
|
|
Batting: RHB Mario Verduzco
|
0-0: Foul Ball, location: 2F 0-1: Foul Ball, location: 2F 0-2: Ball 1-2: SINGLE (Groundball, 6MD, EV 103.1 MPH)
|
|
Batting: RHB Hector Tabares
|
0-0: Ball 1-0: Ball 2-0: Foul Ball, location: 2F 2-1: DOUBLE (Line Drive, 89XD, EV 102.5 MPH) Mario Verduzco to third Runner from 3rd tries for Home, SAFE, throw by RF to home
|
|
Batting: RHB Michael Youngberry
|
0-0: Ball 1-0: Ball 2-0: Called Strike 2-1: Ball 3-1: Fly out, F7 (Line Drive, 78M, EV 105.0 MPH)
|
| Top of the 5th over - 1 run, 2 hits, 0 errors, 1 left on base; University of Conneticut 1 - University of Alabama 0 |
| BOTTOM OF THE 5TH |
|
University of Alabama Crimson Tide batting - Pitching for University of Conneticut Huskies : LHP Bill Kovac
|
|
Batting: RHB Mike Bergin
|
0-0: Swinging Strike 0-1: Foul Ball, location: 2F 0-2: Strikes out looking
|
|
Batting: RHB Juan Alvarez
|
0-0: Called Strike 0-1: Ground out 6-3 (Groundball, 6, EV 108.8 MPH)
|
|
Batting: RHB António Scarlett
|
0-0: Called Strike 0-1: Ball 1-1: Ball 2-1: Ground out 4-3 (Groundball, 4, EV 89.4 MPH)
|
| Bottom of the 5th over - 0 runs, 0 hits, 0 errors, 0 left on base; University of Conneticut 1 - University of Alabama 0 |
| TOP OF THE 6TH |
|
University of Conneticut Huskies batting - Pitching for University of Alabama Crimson Tide : RHP Kenyu Tanaka
|
|
Pitching: RHP Ray Travis
|
|
|
Batting: LHB Nick Rooney
|
0-0: Called Strike 0-1: Ball 1-1: Swinging Strike 1-2: Strikes out swinging
|
|
Batting: RHB Bill Stern
|
0-0: Ball 1-0: Called Strike 1-1: Foul Ball, location: 2F 1-2: Ball 2-2: Ball 3-2: Base on Balls
|
|
Batting: RHB Preston Hill
|
0-0: Ball 1-0: 2-RUN HOME RUN (Line Drive, 7LD, EV 96.9 MPH), Distance : 363 ft
|
|
Batting: RHB Hector Barajas
|
0-0: Called Strike 0-1: Ball 1-1: Swinging Strike 1-2: Ball 2-2: Strikes out swinging
|
|
Batting: RHB Edwin Bejarano
|
0-0: Called Strike 0-1: Called Strike 0-2: Strikes out swinging
|
| Top of the 6th over - 2 runs, 1 hit, 0 errors, 0 left on base; University of Conneticut 3 - University of Alabama 0 |
| BOTTOM OF THE 6TH |
|
University of Alabama Crimson Tide batting - Pitching for University of Conneticut Huskies : LHP Bill Kovac
|
|
Batting: RHB Er Le
|
0-0: Fly out, F9 (Flyball, 9LM, EV 89.4 MPH)
|
|
Batting: RHB Peter Westover
|
0-0: Foul Ball, location: 2F 0-1: SINGLE (Flyball, 6MD, EV 96.9 MPH)
|
|
Batting: RHB Adam Turpin
|
0-0: Called Strike 0-1: Ball Wild Pitch! Peter Westover to second 1-1: Ball 2-1: Foul Ball, location: 2F 2-2: Ground out 5-3 (Groundball, 56, EV 82.5 MPH)
|
|
Batting: RHB Willie Torres
|
0-0: Called Strike 0-1: Fly out, F9 (Flyball, 9LM, EV 90.6 MPH)
|
| Bottom of the 6th over - 0 runs, 1 hit, 0 errors, 1 left on base; University of Conneticut 3 - University of Alabama 0 |
| TOP OF THE 7TH |
|
University of Conneticut Huskies batting - Pitching for University of Alabama Crimson Tide : RHP Ray Travis
|
|
Batting: RHB Chris Bejarano
|
0-0: Ball 1-0: Called Strike 1-1: Swinging Strike 1-2: Ground out 3-1 (Groundball, 34, EV 86.9 MPH)
|
|
Batting: RHB Mario Verduzco
|
0-0: Ball 1-0: Ball 2-0: Ball 3-0: Called Strike 3-1: Base on Balls
|
|
Batting: RHB Hector Tabares
|
0-0: Ball 1-0: Called Strike 1-1: Ball 2-1: Called Strike 2-2: Strikes out swinging
|
|
Batting: RHB Michael Youngberry
|
0-0: Foul Ball, location: 2F 0-1: Ball 1-1: Called Strike 1-2: 2-RUN HOME RUN (Flyball, 78XD, EV 99.4 MPH), Distance : 401 ft
|
|
Pitching: RHP Raul Ramos
|
|
|
Batting: LHB Nick Rooney
|
0-0: Ball 1-0: Ball 2-0: Ball 3-0: Base on Balls
|
|
Batting: RHB Bill Stern
|
0-0: Fly out, F9 (Line Drive, 9D, EV 95.0 MPH)
|
| Top of the 7th over - 2 runs, 1 hit, 0 errors, 1 left on base; University of Conneticut 5 - University of Alabama 0 |
| BOTTOM OF THE 7TH |
|
University of Alabama Crimson Tide batting - Pitching for University of Conneticut Huskies : LHP Bill Kovac
|
|
Batting: RHB Aaron Bryant
|
0-0: Called Strike 0-1: Ground out 6-3 (Groundball, 6S, EV 65.6 MPH)
|
|
Batting: RHB Shura Beschenko
|
0-0: Ball 1-0: Foul Ball, location: 2F 1-1: Fly out, F7 (Flyball, 7LS, EV 86.2 MPH)
|
|
Batting: RHB Mike Bergin
|
0-0: Foul Ball, location: 2F 0-1: Ball 1-1: Ball 2-1: Foul Ball, location: 2F 2-2: Fly out, F8 (Line Drive, 8LD, EV 93.8 MPH)
|
| Bottom of the 7th over - 0 runs, 0 hits, 0 errors, 0 left on base; University of Conneticut 5 - University of Alabama 0 |
| TOP OF THE 8TH |
|
University of Conneticut Huskies batting - Pitching for University of Alabama Crimson Tide : RHP Raul Ramos
|
|
Batting: RHB Preston Hill
|
0-0: Fly out, F8 (Flyball, 8LD, EV 88.8 MPH)
|
|
Batting: RHB Hector Barajas
|
0-0: Called Strike 0-1: Called Strike 0-2: Ball 1-2: Ball 2-2: Fly out, F9 (Line Drive, 9, EV 91.2 MPH)
|
|
Batting: RHB Edwin Bejarano
|
0-0: Ball 1-0: Ball 2-0: Ball 3-0: Called Strike 3-1: Ground out 6-3 (Groundball, 6, EV 87.5 MPH)
|
| Top of the 8th over - 0 runs, 0 hits, 0 errors, 0 left on base; University of Conneticut 5 - University of Alabama 0 |
| BOTTOM OF THE 8TH |
|
University of Alabama Crimson Tide batting - Pitching for University of Conneticut Huskies : LHP Bill Kovac
|
|
Batting: RHB Juan Alvarez
|
0-0: Ball 1-0: Ball 2-0: Ball 3-0: Base on Balls
|
|
Batting: RHB António Scarlett
|
0-0: Ball 1-0: Called Strike 1-1: Fly out, F7 (Flyball, 7, EV 94.4 MPH)
|
|
Pitching: LHP Ernesto Ruiz
|
|
|
Batting: RHB Er Le
|
0-0: Hit by Pitch Juan Alvarez to second
|
|
Batting: RHB Peter Westover
|
0-0: Ball 1-0: Ball 2-0: Ball 3-0: Base on Balls Juan Alvarez to third Er Le to second
|
|
Batting: RHB Adam Turpin
|
0-0: Called Strike 0-1: Ball 1-1: Foul Ball, location: 2F 1-2: Fly out, F9 (Flyball, 9D, EV 81.9 MPH) Runner from 3rd tags up, SCORES, throw by RF Er Le to third
|
|
Batting: RHB Willie Torres
|
0-0: Called Strike 0-1: Ground out 5-3 (Groundball, 56S, EV 83.8 MPH)
|
| Bottom of the 8th over - 1 run, 0 hits, 0 errors, 2 left on base; University of Conneticut 5 - University of Alabama 1 |
| TOP OF THE 9TH |
|
University of Conneticut Huskies batting - Pitching for University of Alabama Crimson Tide : RHP Raul Ramos
|
|
Batting: RHB Chris Bejarano
|
0-0: Called Strike 0-1: Foul Ball, location: 2F 0-2: Ball 1-2: Foul Ball, location: 2F 1-2: Fly out, F9 (Flyball, 9D, EV 93.8 MPH)
|
|
Batting: RHB Mario Verduzco
|
0-0: Ground out U3 (Groundball, 34S, EV 83.1 MPH)
|
|
Batting: RHB Hector Tabares
|
0-0: Called Strike 0-1: Fly out, F8 (Flyball, 8LD, EV 74.4 MPH)
|
| Top of the 9th over - 0 runs, 0 hits, 0 errors, 0 left on base; University of Conneticut 5 - University of Alabama 1 |
| BOTTOM OF THE 9TH |
|
University of Alabama Crimson Tide batting - Pitching for University of Conneticut Huskies : LHP Ernesto Ruiz
|
|
Pitching: RHP Oswaldo Vasquez
|
|
|
Batting: RHB Aaron Bryant
|
0-0: Ground out 5-3 (Groundball, 5, EV 83.8 MPH)
|
|
Batting: RHB Shura Beschenko
|
0-0: Called Strike 0-1: Called Strike 0-2: Foul Ball, location: 2F 0-2: Strikes out swinging
|
|
Pinch Hitting: LHB Miguel Ramos
|
0-0: Ball 1-0: Fly out, F6 (Flyball, 56D, EV 90.0 MPH)
|
| Bottom of the 9th over - 0 runs, 0 hits, 0 errors, 0 left on base; University of Conneticut 5 - University of Alabama 1 |
|